← All builds
Geo / Cortex / Economy first / OBSERVED BUILD

Goon raid

Cortex Geo build order · Supreme Isthmus

Geo builds a Hovercraft Platform very early (by 4:38) and sends Goon hovercraft raiders into the middle and enemy base from under 5 minutes, long before any T2 commitment, later folding into a standard T2 transition.

#raid #rush #amphibious · 14 distinct matches · 5 players · 3% of Cortex Geo games · team won 57% of 14 · Recently observed

THE CATCH, AND WHAT COMES WITH IT
  • GoonHover raid from 4:43 · 4% of role by thenFrom the Hovercraft Platform. Only 4% of Geo games have it by then; others who build it get it around 4:40
  • Hovercraft PlatformHovercraft Platform in 100%4% of all Geo games by then
  • WhirlwindWhirlwind in 50%11% of all Geo games by then
  • FinchFinch in 50%10% of all Geo games by then
  • ValiantValiant in 43%14% of all Geo games by then

Where those units first fight, in 13 games with kill data: in the middle 92%, in the enemy base 8%.

Those units destroy a typical 485 metal of enemy units by 15:00.

Then transitions into whirlwind (15% of army), Sumo (14% of army), Sheldon (11% of army).

Phase by phase

TYPICAL OF ITS 14 GAMES · AGAINST STANDARD GEO
  1. 1
  2. 2
  3. 3
  4. 4
  5. 5
PLAY THE OPENING

Follow the example game's first 6:00 step by step: what to build now, what comes next, and where it goes. At 1× it keeps pace with your own game.

  1. 1

    Up to the Bot Lab

    Economy
    • Metal Extractor3Mex
    • Wind Turbine3Wind
    Order
    1. Bot LabBot Lab after 3 mex, 3 winddone ~1:22, middle half 1:14–1:47

    By 1:00 in all: 3 mex · 3 wind

    The example game in this phase · 4 steps
    1. Mex ×3
    2. Wind ×4
    3. Mex
    4. Bot LabBot Labdone 1:48 · typical 1:22
  2. 2

    Bot Lab to Hover raid

    Economy
    • Metal Extractor1Mex
    • Wind Turbine2Wind
    • Energy Converter2Converter−5 vs standard
    • Energy Storage1Energy storage
    Order
    1. Geothermal PowerplantGeo after 4 mex, 5 wind
    2. Bot LabEat Bot Lab
    3. Hovercraft PlatformHovercraft Platform after 4 mex, 6 wind, 3 con turret
    4. GoonHover raid after 4 mex, 6 wind, 3 con turret
    Builders
    • Construction Turret3 Con turret −2 vs standard
    • Graverobber4 Graverobber
    • Construction Bot1 Con bot
    • Graverobber1 Graverobber for allies
    • Construction Bot1 Con bot for allies

    By 4:39 in all: 4 mex · 6 wind · 1 geo · 2 converter (standard 7) · 1 energy storage · 3 con turret (standard 5)

    The example game in this phase · 14 steps
    1. Wind
    2. GraverobberGraverobberfor Beach sea
    3. Construction BotCon botfor Beach sea
    4. Wind
    5. GraverobberGraverobber
    6. Wind
    7. GraverobberGraverobber ×2
    8. Construction BotCon bot
    9. GraverobberGraverobber
    10. Geothermal PowerplantGeodone 3:48 · typical 3:41
    11. Con turret ×3
    12. Hovercraft PlatformHovercraft Platformdone 4:32 · typical 4:38
    13. Bot LabEat Bot Labreclaimed for its metal
    14. GoonGoondone 4:35
  3. 3

    Hover raid to Aircraft Plant

    Economy
    • Wind Turbine1Wind−3 vs standard
    • Energy Converter4Converter
    Order
    1. Hovercraft PlatformEat Hovercraft Platform
    2. Advanced Geothermal PowerplantAdvanced Geothermal Powerplant after 8 wind, 6 converter, 5 con turret
    3. Aircraft PlantAircraft Plant after 8 wind, 5 converter, 7 con turretdone ~7:51, middle half 7:41–7:57
    Builders
    • Construction Turret3 Con turret
    Army
    • Goon8 Goon +8 vs standard

    By 7:42 in all: 4 mex · 8 wind (standard 12) · 1 geo · 1 Advanced Geothermal Powerplant · 7 converter (standard 13) · 1 energy storage

    The example game in this phase · 17 steps
    1. Converter
    2. Con turret
    3. GoonGoon ×3
    4. Converter ×2
    5. GoonGoon
    6. Con turret
    7. Converter ×3
    8. Energy storage
    9. Hovercraft PlatformEat Hovercraft Platformreclaimed for its metal
    10. Wind ×6
    11. Converter ×2
    12. Wind
    13. Converter
    14. Wind ×3
    15. Metal storage
    16. Advanced Metal ExtractorT2 mex ×4done 6:45 · typical 5:45
    17. Advanced Geothermal PowerplantAdvanced Geothermal Powerplantdone 8:31 · typical 7:34
  4. 4

    Aircraft Plant to Advanced Bot Lab

    Order
    1. Advanced Bot LabAdvanced Bot Lab after 8 wind, 8 converter, 9 con turretdone ~9:26, middle half 8:49–10:05
    Army
    • Whirlwind5 Whirlwind +5 vs standard

    Some games also: con turret (43%) · valiant (43%) · finch (43%) · converter (36%)

    By 8:39 in all: 4 mex · 8 wind (standard 12) · 1 geo · 1 Advanced Geothermal Powerplant · 8 converter (standard 16) · 1 energy storage

    The example game in this phase · 2 steps
    1. Radar TowerRadar Tower
    2. Advanced Bot LabAdvanced Bot Labdone 8:52 · typical 9:26
  5. 5

    Advanced Bot Lab to 15:00

    Economy
    • Wind Turbine2Wind
    • Energy Converter9Converter+7 vs standard
    Order
    1. Aircraft PlantEat Aircraft Plant in 50% of games
    Builders
    • Advanced Construction Bot1 T2 con bot for allies

    Some games also: crawling bomb (50%) · T2 con bot (50%) · Sheldon (43%) · Nemesis (43%) · Prevailer (43%)

    The standard build makes here, this one skips: 4 Sheldon

    By 15:00 in all: 4 mex · 16 wind (standard 24) · 1 geo · 1 Advanced Geothermal Powerplant · 22 converter · 1 energy storage

    The example game in this phase · 86 steps
    1. Advanced Construction BotT2 con botfor Front
    2. CommandoCommando
    3. Wind
    4. SpectreSpectre
    5. FinchFinch
    6. Wind
    7. TwitcherTwitcher
    8. FinchFinch
    9. Wind
    10. FinchFinch
    11. Wind
    12. Advanced Construction BotT2 con botfor Pond
    13. Wind
    14. HerculesLight transport
    15. Wind ×3
    16. SpectreSpectre
    17. Wind
    18. SpectreSpectre
    19. Wind ×5
    20. SheldonSheldonfor Suicide frontdone 10:28
    21. Wind ×2
    22. SheldonSheldonfor Suicide front
    23. Wind ×2
    24. SheldonSheldonfor Suicide front
    25. Wind ×2
    26. SheldonSheldonfor Suicide front
    27. Wind
    28. SheldonSheldonfor Suicide front
    29. Wind
    30. SheldonSheldonfor Suicide front
    31. Wind ×2
    32. SheldonSheldon
    33. SkuttleCrawling bombdone 11:11 · typical 11:04
    34. Wind ×2
    35. NemesisNemesis
    36. Wind
    37. TwitcherTwitcher
    38. Wind
    39. PrevailerPrevailerdone 12:53
    40. Wind ×4
    41. SkuttleCrawling bomb
    42. Wind
    43. SpectreSpectre
    44. Wind
    45. SpectreSpectre
    46. Wind
    47. SpectreSpectre
    48. Wind
    49. BedbugCrawling bomb
    50. Wind ×2
    51. BedbugCrawling bomb
    52. Construction BotCon bot
    53. Wind ×2
    54. BedbugCrawling bomb
    55. Construction BotCon bot
    56. Wind
    57. BedbugCrawling bomb
    58. Wind
    59. Con turret
    60. Converter
    61. BedbugCrawling bomb
    62. Con turret
    63. BedbugCrawling bomb
    64. Converter
    65. Wind
    66. BedbugCrawling bomb
    67. Converter
    68. Wind
    69. Converter ×2
    70. BedbugCrawling bomb
    71. Converter ×2
    72. BedbugCrawling bomb
    73. Converter ×2
    74. BedbugCrawling bomb
    75. Converter ×4
    76. SkuttleCrawling bomb
    77. Converter ×3
    78. Wind
    79. Converter
    80. Con turret
    81. SkuttleCrawling bomb
    82. Converter
    83. Wind
    84. Converter ×2
    85. SkuttleCrawling bomb
    86. Converter ×2

Counts are medians over the build's games: half of them build more, half fewer. The example game is _Hawkey_'s (62 OS, 03/10/2026); pick another.

Team trades

IN AT LEAST 30% OF ITS GAMES

You hand over

  • Graverobber1 Graverobber to Beach seafirst at 2:21 · in 86% of games
  • Construction Bot1 Con bot to Beach sea or Pondfirst at 2:34 · in 93% of games
  • Advanced Construction Bot1 T2 con bot to Front or Suicide front or Pondfirst at 9:23 · in 57% of games

You get

  • Advanced Construction Bot1 T2 con bot from Techfirst at 4:57 · in 100% of games

How it plays out

Typical game of this build against the role’s standard build, running totals by minute

  • This build
  • Standard geo

Metal produced

020k40k
0:005:0010:0015:00

metal

Enemy metal destroyed

05k10k
0:005:0010:0015:00

metal

Own metal lost

02.5k5k7.5k
0:005:0010:0015:00

metal

14 games.

Show as table
ByMetal produced: This buildMetal produced: Standard geoEnemy metal destroyed: This buildEnemy metal destroyed: Standard geoOwn metal lost: This buildOwn metal lost: Standard geo
1:003823350000
2:009188500000
3:00163415090000
4:00256126490000
5:003874371400250
6:0057095615001610
7:007696798331804380
8:00104231104981905330
9:00132811405489343993120
10:00162131691624704241339260
11:001836719848268213403074800
12:0020878227013029255431041790
13:0024077256573452436739432860
14:0027109284974695614243964539
15:0029269315194695826453786575
THE EXAMPLE YOU ARE READING

_Hawkey_

62.0 OS · 03/10/2026

Open source match ↗

2 received units · includes a constructor
324 metal received · 20120 energy received

Allied construction assistance is unknown. Timings are observations, not a promise of solo reproducibility.

Typical milestones

Bot Lab1:22Middle 50%: 1:14–1:47 · n=14
Geothermal Powerplant3:41Middle 50%: 3:25–3:45 · n=14
Hovercraft Platform4:38Middle 50%: 4:13–4:46 · n=14
Advanced Metal Extractor5:45Middle 50%: 5:28–6:10 · n=14
Advanced Geothermal Powerplant7:34Middle 50%: 7:20–7:57 · n=12
Aircraft Plant7:51Middle 50%: 7:41–7:57 · n=8
Advanced Bot Lab9:26Middle 50%: 8:49–10:05 · n=10
Skuttle11:04Middle 50%: 9:29–11:21 · n=7

Played most by

_Hawkey_7games of this buildPRO_HYDRA4games of this buildChronopolize1game of this buildMrCoolPotato1game of this buildYogaBoy1584971game of this build